 Dungeon Crawl Stone Soup version 0.30.1-11-g7821555f0a (webtiles) character file.

Game seed: 14687361242809808279

226 CaptainMV the Gusty (level 6, -2/51 HPs)
             Began as a Naga Wanderer on Nov 23, 2023.
             Slain by a steam dragon (4 damage)
             ... on level 4 of the Dungeon.
             The game lasted 00:14:18 (1919 turns).

CaptainMV the Gusty (Naga Wanderer)                 Turns: 1919, Time: 00:14:19

Health: -2/51      AC:  3    Str: 16    XL:     6   Next: 1%
Magic:  1/9        EV:  9    Int: 13    God:
Gold:   102        SH:  0    Dex: 10    Spells: 6/9 levels left

rFire   . . .        a - +0 spear
rCold   . . .        (no shield)
rNeg    . . .        e - +0 leather armour
rPois   +            (no helmet)
rElec   .            (no cloak)
rCorr   .            (no gloves)
SInv    +            (no barding)
Will    .....        (no amulet)
Stlth   ++           h - +4 ring of slaying
HPRegen 0.28/turn    (no ring)
MPRegen 0.11/turn

%: no passive effects
@: short of breath, very slow
A: AC +2, large, see invisible, deformed body, poison resistance, slowness 2,
spit poison 1, naga tail 1
a: Spit Poison


You were on level 4 of the Dungeon.
You visited 1 branch of the dungeon, and saw 4 of its levels.

You collected 102 gold pieces.

Inventory:

Hand Weapons
 a - a +0 spear (weapon)
 c - a +0 dagger
Missiles
 b - 23 poisoned darts (quivered)
Armour
 e - a +0 leather armour (worn)
Jewellery
 h - a +4 ring of slaying (left hand)
 l - a ring of protection from fire
Scrolls
 g - a scroll of poison
 i - a scroll of vulnerability
 j - a scroll of torment {unknown}
 k - 2 scrolls of identify
 m - a scroll of blinking
 o - a scroll of brand weapon {unknown}
 p - a scroll of enchant weapon {unknown}
 q - a scroll of immolation {unknown}
Potions
 d - a potion of heal wounds
 f - a potion of cancellation
 n - a potion of curing {unknown}


   Skills:
 + Level 1.2 Fighting
 + Level 2.5 Polearms
 + Level 2.9 Throwing
 + Level 1.6 Armour
 + Level 1.1 Dodging
 + Level 2.1 Stealth
 + Level 2.0 Spellcasting
 + Level 1.0 Conjurations
 + Level 4.7 Air Magic


You had 6 spell levels left.
You knew the following spells:

 Your Spells              Type           Power      Damage    Failure   Level
a - Shock                 Conj/Air       32%        1d5       10%         1
b - Static Discharge      Conj/Air       16%        2-3/arc   14%         2

Your spell library contained the following spells:

 Spells                   Type           Power      Damage    Failure   Level
 Swiftness                Air            13%        N/A       13%         3
 Slow                     Hex            4%         N/A       30%         1
 Summon Small Mammal      Summ           4%         N/A       30%         1
 Call Canine Familiar     Summ           1%         N/A       67%         3
 Confusing Touch          Hex            1%         N/A       67%         3
 Summon Guardian Golem    Hex/Summ       1%         N/A       67%         3
 Vampiric Draining        Necr           1%         2d6       67%         3


Dungeon Overview and Level Annotations

Branches:
Dungeon (4/15)
 Temple: D:4-7

Altars:


Innate Abilities, Weirdness & Mutations

Your serpentine skin is tough. (AC +2)
You have supernaturally acute eyesight. (SInv)
Armour fits poorly on your strangely shaped body.
Your system is resistant to poisons. (rPois)
You cover ground very slowly.
You can spit poison.
You have a snake-like lower body.


Message History

The jelly attacks as you move away! The jelly barely misses you.
Casting: Static Discharge (safe; 16% risk of failure)
Confirm with . or Enter, or press ? or * to list all spells.
The jelly is struck by an arc of lightning.
The jelly is heavily wounded.
You are struck by an arc of lightning.
The jelly is struck by an arc of lightning.
The jelly is severely wounded.
The steam dragon is struck by an arc of lightning.
The steam dragon is moderately wounded.
The lightning grounds out.
The jelly barely misses you.
Casting: Static Discharge (safe; 16% risk of failure)
Confirm with . or Enter, or press ? or * to list all spells.
The jelly is struck by an arc of lightning.
The jelly is severely wounded.
You are struck by an arc of lightning.
The jelly is struck by an arc of lightning.
You kill the jelly!
The lightning grounds out.
The steam dragon breathes steam at you. The ball of steam hits you!
Your Spellcasting skill increases to level 2!
Your Conjurations skill increases to level 1!
You have reached level 6!
Your skin feels tougher.
Aiming: Spit Poison (1% risk of failure)
Press: ? - help, Shift-Dir - straight line, f - steam dragon
Aim: a steam dragon (moderately wounded, catching its breath, 59% to hit)
The splash of poison hits the steam dragon but does no damage.
The steam dragon is poisoned.
The steam dragon is moderately wounded.
You are engulfed in a cloud of scalding steam.
* * * LOW HITPOINT WARNING * * *
You are engulfed in a cloud of scalding steam.
* * * LOW HITPOINT WARNING * * *
The steam dragon attacks as you move away!
The steam dragon bites you.
* * * LOW HITPOINT WARNING * * *
The steam dragon claws you.
You die...

#.........
####
##.#######
#.# #.. #.#
#.# #.# #.#
#)# #.# . #.#
#.####...
#.###........
#§@D§§..#
#######.# #


You could see a steam dragon (poisoned, catching breath).

Vanquished Creatures
  A jelly (D:4)
  A hound (D:4)
  An orc wizard (D:3)
  5 adders
  A gnoll (D:1)
  2 worms
  3 dart slugs
  5 orcs
  4 bats
  4 endoplasms
  4 giant cockroaches
  9 goblins
  4 hobgoblins
  12 kobolds
  2 quokkas
  7 ball pythons
  2 frilled lizards
  6 rats
73 creatures vanquished.

Notes
Turn   | Place    | Note
-------+----------+-------------------------------------------
     0 | D:1      | CaptainMV the Naga Wanderer began the quest for the Orb.
     0 | D:1      | CaptainMV set off with the following items: a +0 spear, 9
                  | poisoned darts, a +0 dagger, a potion of heal wounds, a +0
                  | leather armour; and the following spell memorised: Shock;
                  | and the following spells available to memorise: Swiftness,
                  | Static Discharge.
     0 | D:1      | Reached XP level 1. HP: 15/15 MP: 2/2
   256 | D:1      | Reached XP level 2. HP: 19/22 MP: 0/3
   274 | D:1      | Learned a level 2 spell: Static Discharge
   477 | D:1      | Reached XP level 3. HP: 6/28 MP: 1/5
   885 | D:2      | Reached XP level 4. HP: 35/36 MP: 6/6
  1199 | D:3      | Reached skill level 1 in Armour
  1443 | D:3      | Reached skill level 1 in Fighting
  1449 | D:3      | Reached XP level 5. HP: 42/44 MP: 1/7
  1453 | D:3      | Reached skill level 1 in Dodging
  1909 | D:4      | Noticed a steam dragon
  1917 | D:4      | Reached skill level 1 in Conjurations
  1917 | D:4      | Reached XP level 6. HP: 25/51 MP: 1/9
  1919 | D:4      | HP: 2/51 [steam dragon (6)]
  1919 | D:4      | Slain by a steam dragon

Illustrated notes

Levels and vault maps discovered:
D:1:      dpeg_arrival_renting, layout_loops_cross
D:2:      layout_basic
D:3:      layout_loops_ring
D:4:      layout_loops_ring, gammafunk_ghost_arena

Skill      XL: |  1  2  3  4  5 |
---------------+----------------+-----
Armour         | 1 |  1.6
Stealth        | 2 |  2.1
Fighting       | 1 |  1.2
Polearms       | 2 |  2.5
Dodging        | 1 |  1.1
Spellcasting   | 2 |  2.0
Conjurations   | 1 |  1.0
Throwing       | |  2.9
Air Magic      | |  4.7

Action                     |  1- 3 |  4- 6 || total
---------------------------+-------+-------++-------
  Melee: Spear             |    75 |   115 ||   190
         Punch             |       |     1 ||     1
   Cast: Shock             |    17 |    11 ||    28
         Static Discharge  |     2 |    12 ||    14
Ability: Spit Poison       |       |     3 ||     3
    Use: Scroll            |     6 |       ||     6
         Potion            |       |     1 ||     1
 Armour: Leather armour    |    15 |    29 ||    44
  Dodge: Dodged            |    36 |    72 ||   108
